 Dungeon Crawl Stone Soup version 0.30-a0-782-ge64f9170bb (webtiles) character file.

Game seed: 6606519499137719321

2969 funkygono the Basher (level 9, -4/56 HPs)
             Began as a Gargoyle Fighter on Mar 8, 2023.
             Was a Believer of Okawaru.
             Slain by a yak (13 damage)
             ... on level 8 of the Dungeon.
             The game lasted 00:13:26 (7558 turns).

funkygono the Basher (Gargoyle Fighter)             Turns: 7558, Time: 00:13:27

Health: -4/56      AC: 19    Str: 29    XL:     9   Next: 82%
Magic:  9/9        EV: 11    Int:  9    God:    Okawaru [**....]
Gold:   326        SH:  5    Dex:  9    Spells: 8/8 levels left

rFire   + . .      SeeInvis +    G - +2 whip (holy)
rCold   x . .      Faith    .    c - +0 buckler
rNeg    + . .      Spirit   .    B - +0 swamp dragon scales
rPois   ∞          Reflect  .    z - +0 helmet
rElec   +          Harm     .    (no cloak)
rCorr   .          Rampage  .    (no gloves)
Will    .....                    F - +1 pair of boots
Stlth   +                        y - amulet of magic regeneration
HPRegen 0.29/turn                q - ring "Booxot" {Fire Str+5}
MPRegen 0.51/turn                g - ring of see invisible

@: no status effects
A: sickness immunity, AC +6, negative energy resistance 1, electricity
resistance, torment resistance 1, petrification resistance
a: Renounce Religion, Heroism


You were on level 8 of the Dungeon.
You worshipped Okawaru.
Okawaru was pleased with you.
You visited 2 branches of the dungeon, and saw 9 of its levels.

You collected 326 gold pieces.

Inventory:

Hand Weapons
 a - a +0 flail of freezing
 s - the +4 war axe of Qabb {heavy, Str-2 Dex+3}
   (You found it on level 3 of the Dungeon)

   Str:       It affects your strength (-2).
   Dex:       It affects your dexterity (+3).
 G - a +2 whip of holy wrath (weapon)
Missiles
 u - 3 poisoned darts (quivered)
 C - 4 silver javelins
Armour
 b - a +0 scale mail
 c - a +0 buckler (worn)
 e - a +0 pair of boots
 m - a +0 troll leather armour
 z - a +0 helmet (worn)
 B - +0 swamp dragon scales (worn)
 F - a +1 pair of boots (worn)
Magical Staves
 p - a staff of air
Jewellery
 g - a ring of see invisible (right hand)
 q - the ring "Booxot" (left hand) {Fire Str+5}
   (You found it on level 4 of the Dungeon)

   [ring of fire]

   It enhances your fire magic.
   Str:       It affects your strength (+5).
   rF:        It protects you from fire.
   rC:        It makes you vulnerable to cold.
 y - an amulet of magic regeneration (around neck)
 D - a +5 ring of evasion
 I - an amulet of the acrobat
Wands
 v - a wand of acid (7)
 A - a wand of mindburst (8)
 H - a wand of paralysis (13)
Scrolls
 r - a scroll of fear
 w - 3 scrolls of teleportation
Potions
 d - a potion of might
 f - 3 potions of magic
 h - a potion of berserk rage
 i - 2 potions of flight
 j - 2 potions of brilliance
 k - 3 potions of curing
 l - a potion of invisibility
 n - 2 potions of heal wounds
 o - a potion of cancellation {unknown}
 t - a potion of ambrosia {unknown}
 J - a potion of attraction {unknown}


   Skills:
 + Level 6.5 Fighting
 + Level 8.5 Maces & Flails
 + Level 0.1 Throwing
 + Level 8.1 Armour
 + Level 3.5 Dodging
 + Level 0.5 Stealth
 + Level 5.5 Shields


You had 8 spell levels left.
You didn't know any spells.
Your spell library contained the following spells:

 Spells                   Type           Power      Damage    Failure   Level
 Necrotise                Necr           0%         1d4       56%         1
 Vampiric Draining        Necr           0%         2d6       91%         3
 Agony                    Necr           0%         N/A       100%        5


Dungeon Overview and Level Annotations

Branches:
Dungeon (8/15)             Temple (1/1) D:5
   Lair: D:8-11

Altars:
Ashenzari
Cheibriados
Dithmenos
Elyvilon
Fedhas
Gozag
Kikubaaqudgha
Makhleb
Nemelex Xobeh
Okawaru
Qazlal
Ru
Sif Muna
Trog
Uskayaw
Vehumet
Wu Jian
Yredelemnul
Zin
The Shining One

Shops:
D:4 [==(


Innate Abilities, Weirdness & Mutations

You are immune to sickness and miasma.
Your stone body is resilient. (AC +6)
You are immune to poison.
You resist negative energy. (rN+)
You are resistant to electric shocks. (rElec)
You are resistant to unholy torment.
You are immune to petrification.


Message History

You hit the yak but do no damage.
The yak is severely wounded.
You hit the yak.
The yak is severely wounded.
The yak closely misses you.
You closely miss the yak.
The yak is severely wounded.
The yak gores you but does no damage.
You hit the yak.
The yak is almost dead.
The yak gores you!
You closely miss the yak.
The yak is almost dead.
You hit the yak.
The yak is almost dead.
The yak barely misses you.
You barely miss the yak.
The yak is almost dead.
The yak gores you!
* * * LOW HITPOINT WARNING * * *
You hit the yak.
The yak is almost dead.
The yak gores you but does no damage.
You hit the yak.
The yak is almost dead.
You closely miss the yak.
The yak is almost dead.
The yak barely misses you.
You hit the yak.
You kill the yak!
Okawaru accepts your kill.
You barely miss the yak. You hit the yak.
The yak is lightly wounded.
The yak gores you.
* * * LOW HITPOINT WARNING * * *
You hit the yak.
The yak is lightly wounded.
The yak gores you!
You die...

*,,,,,,,*#.#
*,,,,,,,*#.#
*,,,,,,,*#.#
*,,,,,,,*#.#
*********#.# #.# #.#
*********##########.#
,,,,,,,,,......Y@...#
*********############
,* ,* ,* ,* **


You could see a yak.

Vanquished Creatures
  Maggie (D:7)
  A troll (D:7)
  2 yaks (D:8)
  Duvessa (D:7)
  2 water moccasins
  An orc warrior (D:7)
  2 ogres (D:6)
  A centaur (D:5)
  3 phantoms
  3 bullfrogs
  A scorpion (D:6)
  A water moccasin zombie (D:4)
  Dowan (D:6)
  A centaur zombie (D:4)
  5 orc priests
  3 jellies
  2 bullfrog skeletons (D:4)
  A gnoll bouda (D:7)
  3 hounds
  2 iguanas
  An orc wizard (D:4)
  A scorpion zombie (D:4)
  4 hound zombies (D:4)
  2 hound skeletons (D:4)
  A howler monkey zombie (D:4)
  9 adders
  9 gnolls
  2 howler monkey skeletons (D:4)
  A white imp (D:6)
  2 ufetubi
  3 adder skeletons (D:4)
  2 adder zombies (D:4)
  4 worms
  3 dart slugs
  12 orcs
  3 ball pythons
  6 bats
  8 endoplasms
  2 giant cockroaches (D:3)
  6 goblins
  6 hobgoblins
  2 jackals (D:2)
  3 quokkas
  2 frilled lizards (D:2)
  5 kobolds
  9 rats
145 creatures vanquished.

Vanquished Creatures (others)
  7 withered plants (D:4)
7 creatures vanquished.

Grand Total: 152 creatures vanquished

Notes
Turn   | Place    | Note
-------+----------+-------------------------------------------
     0 | D:1      | funkygono the Gargoyle Fighter began the quest for the Orb.
     0 | D:1      | Reached XP level 1. HP: 14/14 MP: 1/1
   107 | D:1      | Reached XP level 2. HP: 17/19 MP: 2/2
   631 | D:1      | Reached XP level 3. HP: 24/24 MP: 3/3
  1210 | D:2      | HP: 1/24 [gnoll/+0 spear (2)]
  1342 | D:1      | Reached XP level 4. HP: 15/29 MP: 4/4
  1737 | D:3      | Reached XP level 5. HP: 33/34 MP: 5/5
  1742 | D:3      | Reached skill level 1 in Dodging
  1863 | D:3      | You fall into a shaft and drop 1 floor!
  1871 | D:4      | Identified the ring "Booxot" {Fire Str+5}
  1918 | D:3      | Found a basalt altar of Yredelemnul.
  1983 | D:3      | Reached XP level 6. HP: 33/39 MP: 6/6
  2075 | D:3      | Identified the +4 war axe of Qabb {heavy, Str-2 Dex+3}
  2085 | D:3      | Found a glowing golden altar of the Shining One.
  2620 | D:4      | Found Kiontepn's Antique Armour Shoppe.
  2675 | D:4      | Reached XP level 7. HP: 34/44 MP: 7/7
  2798 | D:4      | Reached skill level 5 in Maces & Flails
  3001 | D:4      | Reached skill level 5 in Armour
  3104 | D:4      | Found Othren's Jewellery Shoppe.
  3161 | D:4      | Found Ykeiskij's Jewellery Boutique.
  3468 | D:4      | Found Setaz's Weapon Shoppe.
  3545 | D:4      | Reached skill level 5 in Fighting
  3735 | D:5      | Entered Level 5 of the Dungeon
  3918 | D:5      | Reached XP level 8. HP: 47/49 MP: 8/8
  4556 | D:5      | Found a staircase to the Ecumenical Temple.
  4570 | Temple   | Entered the Ecumenical Temple
  4696 | Temple   | Became a worshipper of Warmaster Okawaru
  5744 | D:6      | Reached * piety under Okawaru
  6058 | D:7      | Noticed Duvessa
  6060 | D:7      | Noticed Dowan
  6123 | D:6      | Reached XP level 9. HP: 49/54 MP: 9/9
  6128 | D:6      | Reached skill level 5 in Shields
  6275 | D:7      | Killed Duvessa
  6280 | D:6      | Killed Dowan
  6558 | D:7      | Noticed a troll
  6573 | D:7      | Killed a troll
  6698 | D:7      | Noticed Maggie
  6713 | D:7      | Killed Maggie
  6713 | D:7      | Reached ** piety under Okawaru
  7558 | D:8      | Slain by a yak

Illustrated notes

Levels and vault maps discovered:
D:1:      onia_arrival_mini_spirals, layout_basic
D:2:      layout_rooms, moated_statue
D:3:      layout_basic, yredelemnul_altar_generic, tso_altar
D:4:      layout_basic, serial_undead, serial_undead_d, serial_undead_d,
          serial_undead_e, serial_undead_f, serial_undead_b, serial_undead_b,
          serial_undead_d, serial_undead_b, serial_undead_d, serial_undead_b,
          serial_shops, nicolae_shop_hallway_stairs, nicolae_shop_waterfront,
          kennysheep_mini_moat, nicolae_shop_competitors_out_of_business,
          kennysheep_cross_room, minmay_crossroads
D:5:      layout_basic, minmay_temple_entry_antechambers
D:6:      layout_loops_corners
D:7:      layout_loops_ring, corexii_corridor_pit, kennysheep_pointless_box,
          uniq_maggie, uniq_duvessa
D:8:      layout_basic, enter_bailey_7
Temple:   eino_narrow_crystal_temple

Skill      XL: |  1  2  3  4  5  6  7  8  9 |
---------------+----------------------------+-----
Fighting       | 4 5 6 |  6.5
Armour         | 4 5 6 8 |  8.1
Maces & Flails | 3 4 6 7 8 |  8.5
Dodging        | 1 2 3 |  3.5
Shields        | 4 5 |  5.5
Throwing       | |  0.1
Stealth        | |  0.5

Action                     |  1- 3 |  4- 6 |  7- 9 || total
---------------------------+-------+-------+-------++-------
  Melee: Flail             |   121 |   165 |   323 ||   609
         Whip              |       |       |   103 ||   103
  Throw: Dart              |       |     4 |       ||     4
    Use: Scroll            |       |       |    18 ||    18
 Armour: Scale mail        |    88 |    84 |   173 ||   345
         Swamp dragon scal |       |       |    31 ||    31
  Dodge: Dodged            |    62 |    70 |   195 ||   327
  Block: Buckler           |    33 |    37 |    88 ||   158

Table legend: (Time is in decaauts)
 A = Elapsed time spent in this place.
 B = Non-inter-level travel time spent in this place.
 C = Inter-level travel time spent in this place.
 D = Time resting spent in this place.
 E = Time spent auto-exploring this place.
 F = Levels seen in this place.
 G = Mean time per level.
                   A        B        C        D        E       F      G
               +--------+--------+--------+--------+--------+-----+--------+
         Total |   7663 |   7475 |    188 |     84 |   5581 |   9 |  851.4 |
       Dungeon |   7411 |   7231 |    180 |     84 |   5464 |   8 |  926.4 |
        Temple |    252 |    244 |      8 |      0 |    117 |   1 |  252.0 |
               +--------+--------+--------+--------+--------+-----+--------+

Top non-repeatable levels by time:
     D:4: 1457 daAuts
     D:6: 1394 daAuts
     D:1: 1143 daAuts
     D:7: 1053 daAuts
     D:5: 1022 daAuts
     D:2: 633 daAuts
     D:3: 611 daAuts
  Temple: 252 daAuts
     D:8: 95 daAuts
